 Dungeon Crawl Stone Soup version 0.27-a0-773-gaaee5cf45b (webtiles) character file.

Game seed: 8421637643005672315

139 robertstho the Magician (level 5, -2/37 HPs)
             Began as a Djinni Fire Elementalist on Mar 25, 2021.
             Slain by Terence
             ... wielding a +0 short sword
              (6 damage)
             ... on level 3 of the Dungeon.
             The game lasted 00:03:46 (2279 turns).

robertstho the Magician (Djinni Fire Elementalist)  Turns: 2279, Time: 00:03:46

Health: -2/37      AC:  2    Str:  7    XL:     5   Next: 22%
Gold:   101        EV: 12    Int: 17    God:
                   SH:  0    Dex: 14

rFire    + + .     SeeInvis .   e - +2 dagger (flame)
rCold    x . .     Faith    .   (no shield)
rNeg     . . .     Spirit   .   a - +0 robe
rPois    ∞         Reflect  .   (no helmet)
rElec    .         Harm     .   (no cloak)
rCorr    .         Rampage  .   (no gloves)
Will     .....                  (boots unavailable)
Stlth    ++........             (no amulet)
HPRegen  0.12/turn              (no ring)
MPRegen  0.00/turn              (no ring)

@: weak-willed, flying
A: fire resistance 2, cold vulnerability 1, float, innate caster, hp casting,
extra vitality 1
a: no special abilities


You were on level 3 of the Dungeon.
You visited 1 branch of the dungeon, and saw 3 of its levels.
You also visited: Sewer.

You collected 101 gold pieces.

Inventory:

Hand Weapons
 e - a +2 dagger of flaming (weapon)
Armour
 a - a +0 robe (worn)
Wands
 f - a wand of random effects (23)
Scrolls
 d - a scroll of holy word {unknown}
Potions
 g - a potion of flight
 h - a potion of curing


   Skills:
 * Level 1.1 Fighting
 * Level 2.7 Dodging
 - Level 1.5 Stealth
 * Level 4.5 Spellcasting


You couldn't memorise any spells.
You knew the following spells:

 Your Spells              Type           Power      Damage    Failure   Level
a - Foxfire               Conj/Fire      76%        2x1d7     2%          1
b - Conjure Flame         Conj/Fire      19%        6-21      7%          3
c - Inner Flame           Hex/Fire       19%        N/A       7%          3
d - Sticky Flame          Conj/Fire      19%        2d4       22%         4
e - Fireball              Conj/Fire      9%         3d6       54%         5
f - Magic Dart            Conj           76%        1d6       2%          1
g - Passwall              Tmut/Erth      15%        N/A       3%          2
Your spell library was empty.

Dungeon Overview and Level Annotations

Branches:
Dungeon (3/15)              Sewer (visited)

Altars:
Ru
Trog
Xom

Annotations:
D:2 1 runed translucent door, Crazy Yiuf
D:3 3 runed translucent doors, Asceticacid's ghost, novice DjGl; Terence


Innate Abilities, Weirdness & Mutations

You are immune to poison.
Your flesh is very heat resistant. (rF++)
You are vulnerable to cold. (rC-)
You float through the air rather than walking.
You learn spells naturally, not from books.
Your magical power is your life essence.
You have superior vitality. (+4 HP)


Message History

Terence is severely wounded.
The foxfire hits Terence but does no damage.
Terence is severely wounded.
Casting: Foxfire (safe; 2% risk of failure)
Confirm with . or Enter, or press ? or * to list all spells.
You conjure some foxfire!
Terence barely misses you.
The foxfire hits Terence but does no damage.
Terence is heavily wounded.
The foxfire hits Terence but does no damage.
Terence is heavily wounded.
Terence hits you with a +0 short sword.
* * * LOW HITPOINT WARNING * * *
Unknown command.
You feel better. Terence hits you with a +0 short sword!
* * * LOW HITPOINT WARNING * * *
Terence misses you.
Casting: Foxfire (safe; 2% risk of failure)
Confirm with . or Enter, or press ? or * to list all spells.
You conjure some foxfire!
* * * LOW HITPOINT WARNING * * *
Terence closely misses you.
The foxfire hits Terence but does no damage.
Terence is heavily wounded.
The foxfire hits Terence but does no damage.
Terence is heavily wounded.
As you read the scroll labelled DYDAFU MOGIG, it crumbles to dust.
It is a scroll of amnesia.
You feel forgetful for a moment. Terence hits you but does no damage.
As you read the scroll labelled JIRHENGATYE, it crumbles to dust.
It is a scroll of enchant weapon.
Your +1 dagger of flaming glows red for a moment.
Terence completely misses you.
It was a potion of flight.
You feel more buoyant. Terence hits you with a +0 short sword.
* * * LOW HITPOINT WARNING * * *
As you read the scroll labelled LUCAIN FEOSCHA, it crumbles to dust.
Magic quickly surges around you.
It was a scroll of vulnerability.
Terence hits you with a +0 short sword.
You die...

#...<...# #.
#.##...
#..###.## #...#
#.#. #..# ..#
#..#
#..###########
#. #.#
#..##.........
#..##.########
#..##.#
#..##.########.
#.....@@.......
##.......#####.
####.####$=.
#.###.. .
#.##P.#K# #
#.##8K#K# 8#
#.##KK#K#.P#
#..##KKWK.##.
###.##+++##..


You could see Terence (weak-willed).

Vanquished Creatures
  A kobold brigand (Sewer)
  An adder (D:2)
  3 worms
  An orc (D:3)
  2 ball pythons
  3 endoplasms
  2 giant cockroaches (D:3)
  7 goblins (D:2)
  4 hobgoblins
  6 jackals
  6 kobolds
  2 quokkas
  3 bats
  A frilled lizard (D:3)
  7 rats
  A butterfly (D:3)
50 creatures vanquished.

Vanquished Creatures (others)
  170 foxfires
  A fungus (D:3)
  2 plants (D:3)
173 creatures vanquished.

Grand Total: 223 creatures vanquished

Notes
Turn   | Place    | Note
-------+----------+-------------------------------------------
     0 | D:1      | robertstho the Djinni Fire Elementalist began the quest for
                  | the Orb.
     0 | D:1      | Reached XP level 1. HP: 15/15 MP: 0/0
     2 | D:1      | You are sucked into a shaft and drop 1 floor!
     8 | D:2      | Reached skill level 3 in Spellcasting
     8 | D:2      | Reached XP level 2. HP: 17/21 MP: 0/0
   480 | D:2      | Found a bloodstained altar of Trog.
   498 | D:2      | Reached XP level 3. HP: 24/26 MP: 0/0
   498 | D:2      | Learned a level 1 spell: Magic Dart
   561 | D:2      | Found a sacrificial altar of Ru.
  1010 | D:2      | Found a runed translucent door.
  1011 | D:2      | Noticed Crazy Yiuf
  1566 | D:3      | Found a shimmering altar of Xom.
  1674 | D:3      | Found a glowing drain.
  1689 | D:3      | Reached XP level 4. HP: 19/31 MP: 0/0
  1693 | Sewer    | Entered a sewer
  1980 | Sewer    | Noticed a kobold brigand
  1989 | Sewer    | Killed a kobold brigand
  1990 | Sewer    | Reached skill level 1 in Fighting
  1990 | Sewer    | Reached skill level 4 in Spellcasting
  1990 | Sewer    | Reached XP level 5. HP: 26/37 MP: 0/0
  1990 | Sewer    | Learned a level 2 spell: Passwall
  2094 | Sewer    | Found a white marble altar of Elyvilon.
  2194 | D:3      | Noticed a kobold brigand
  2194 | D:3      | Found a runed translucent gate.
  2194 | D:3      | Noticed Asceticacid's ghost (novice DjGl)
  2195 | D:3      | Found a runed translucent gate.
  2195 | D:3      | Found a runed translucent gate.
  2243 | D:3      | Noticed Terence
  2279 | D:3      | Slain by Terence

Illustrated notes

Levels and vault maps discovered:
D:1:      sevenhm_arrival_forest_fort_small_4, layout_basic,
          nemelex_diamond_rough_becter
D:2:      kennysheep_the_goblin_king, layout_rooms,
          nicolae_ru_the_path_less_chosen, bloody_trog, hangedman_decor_push,
          uniq_crazy_yiuf_cottage
D:3:      layout_loops_ring, xom_butterflies, portal_sewer_entry_a,
          gammafunk_ghost_nasty_kobolds, uniq_natasha, uniq_terence

Skill      XL: |  1  2  3  4 |
---------------+-------------+-----
Spellcasting   | 3 4 |  4.5
Fighting       | 1 |  1.1
Dodging        | |  2.7
Stealth        | |  1.5

Action                   |  1- 3 |  4- 6 || total
-------------------------+-------+-------++-------
Melee: Dagger            |       |     1 ||     1
 Cast: Foxfire           |    66 |    36 ||   102
  Use: Scroll            |       |     3 ||     3
       Potion            |       |     2 ||     2
Armor: Robe              |     3 |     2 ||     5
Dodge: Dodged            |     5 |     8 ||    13

Table legend: (Time is in decaauts)
 A = Elapsed time spent in this place.
 B = Non-inter-level travel time spent in this place.
 C = Inter-level travel time spent in this place.
 D = Time resting spent in this place.
 E = Time spent auto-exploring this place.
 F = Levels seen in this place.
 G = Mean time per level.
                   A        B        C        D        E       F      G
               +--------+--------+--------+--------+--------+-----+--------+
         Total |   2277 |   2250 |     27 |    194 |   1742 |   4 |  569.2 |
       Dungeon |   1840 |   1813 |     27 |      0 |   1566 |   3 |  613.3 |
         Sewer |    436 |    436 |      0 |    194 |    176 |   1 |  436.0 |
               +--------+--------+--------+--------+--------+-----+--------+

Top non-repeatable levels by time:
     D:2: 1277 daAuts
     D:3: 561 daAuts
   Sewer: 436 daAuts
     D:1: 2 daAuts
